[Event "Titled Tuesday Blitz May 03 Late 2022"]
[White "Cabarkapa, Novak"]
[Black "Romanchuk, Viktor"]
[WhiteFideId "943746"]
[BlackFideId "14109271"]
[WhiteElo "2443"]
[BlackElo "2242"]
[Result "1/2-1/2"]
[Round "04"]
[TimeControl "180+1"]
[Date "2022.05.03"]
[WhiteClock "0:00:06"]
[BlackClock "0:00:03"]

1. d4 d5 2. Nc3 e6 3. Bf4 Bd6 4. g3 Nf6 5. e3 b6 6. Qf3 Ba6 7. Bxa6 Nxa6 8. O-O-O Qd7 9. Bxd6 Qxd6 10. e4 dxe4 11. Nxe4 Nxe4 12. Qxe4 Qd5 13. Qxd5 exd5 14. Nh3 f6 15. Nf4 c6 16. h4 Kf7 17. h5 Rhe8 18. Kd2 Re4 19. c3 Rae8 20. a4 Nc7 21. Rhe1 Rxe1 22. Rxe1 Rxe1 23. Kxe1 Ne6 24. Nd3 Ke7 25. Ke2 Ng5 26. f3 Nf7 27. b3 Nd6 28. g4 Nf7 29. Ke3 g6 30. Kf4 Nd8 31. Kg3 Ne6 32. f4 Nd8 33. Kh4 Nf7 34. g5 fxg5+ 35. fxg5 gxh5 36. Kxh5 Ke6 37. Kg4 Nd6 38. Nf4+ Kf7 39. Nd3 Ke6 40. Nf4+ Kf7 41. Kh5 Ne4 42. c4 dxc4 43. bxc4 Nd6 44. Kh6 Kg8 45. d5 c5 46. g6 hxg6 47. Kxg6 Nxc4 48. Kf6 a6 49. Ne6 b5 50. Nxc5 bxa4 51. Nxa4 Kf8 52. Ke6 Ke8 53. Nc5 a5 54. Na4 Kd8 55. Nc5 Kc7 56. Ke7 Kb6 57. Na4+ Kb5 58. Nb2 Nb6 59. d6 a4 60. Nxa4 Kxa4 61. Kd8 Kb5 62. Kc7 Kc5 63. d7 Nxd7 1/2-1/2


[Site "https://www.chess.com"]

[Event "Titled Tuesday Blitz May 03 Late 2022"]
[White "Castillo Pena, Patricia Evarista"]
[Black "Ovezdurdyyeva, Jemal"]
[WhiteFideId "6412106"]
[BlackFideId "14001888"]
[WhiteElo "1918"]
[BlackElo "1946"]
[Result "0-1"]
[Round "04"]
[TimeControl "180+1"]
[Date "2022.05.03"]
[WhiteClock "0:00:03"]
[BlackClock "0:00:45"]

1. d4 Nf6 2. Nf3 g6 3. Nc3 Bg7 4. e4 d6 5. Be3 c6 6. Qd2 h5 7. h3 b5 8. Bd3 a5 9. a3 Bb7 10. O-O b4 11. axb4 axb4 12. Rxa8 bxc3 13. Rxb8 cxd2 14. Rxd8+ Kxd8 15. Nxd2 Kd7 16. Ra1 Ra8 17. Rxa8 Bxa8 18. c3 Ne8 19. Nf3 Nc7 20. Kf1 Ne6 21. Ke2 c5 22. d5 Nf8 23. Kd2 e6 24. dxe6+ fxe6 25. Kc2 Bc6 26. Bg5 Nh7 27. Be3 Nf6 28. e5 Nd5 29. Bxg6 Nxe3+ 30. fxe3 dxe5 31. Bxh5 Be4+ 32. Kb3 Kd6 33. c4 Bh6 34. Bg4 Bxe3 35. h4 Bf4 36. Ng5 Bxg2 37. Nxe6 Bh6 38. Ng5 e4 39. Kc2 Bg7 40. b3 Ke5 41. Kd2 Bh6 42. Ke3 Bf1 43. Be2 Bg2 44. Kf2 Bxg5 45. hxg5 Bh3 46. g6 Kf6 47. Ke3 Bf5 48. Bd1 Bxg6 49. Bc2 Ke5 50. Bb1 Bf5 51. Bc2 Bg4 52. Bxe4 Bd1 53. Bd5 Bxb3 54. Kd2 Kd4 55. Bf7 Ba2 56. Kc2 Bxc4 57. Bxc4 Kxc4 58. Kd2 Kb3 59. Kc1 Kc3 60. Kd1 Kb2 61. Kd2 c4 62. Kd1 c3 63. Ke2 c2 64. Ke3 c1=Q+ 0-1


[Site "https://www.chess.com"]

[Event "Titled Tuesday Blitz May 03 Late 2022"]
[White "D`Arruda, Ricardo D."]
[Black "Sernecki, Franciszek"]
[WhiteFideId "100692"]
[BlackFideId "1169297"]
[WhiteElo "2422"]
[BlackElo "2165"]
[Result "1-0"]
[Round "04"]
[TimeControl "180+1"]
[Date "2022.05.03"]
[WhiteClock "0:00:53"]
[BlackClock "0:00:02"]

1. Nf3 Nf6 2. g3 e6 3. Bg2 d5 4. O-O Be7 5. d3 c5 6. Nbd2 Nc6 7. e4 b6 8. e5 Nd7 9. Re1 Qc7 10. Qe2 Bb7 11. Nf1 O-O-O 12. c3 Rdg8 13. h4 h6 14. N1h2 g5 15. hxg5 hxg5 16. Ng4 Ba6 17. Qc2 b5 18. a3 Bb7 19. Qe2 Kb8 20. b4 a5 21. d4 c4 22. bxa5 Nxa5 23. Nd2 Bc8 24. Rb1 Qc6 25. a4 b4 26. cxb4 Nb7 27. a5 Qb5 28. Nf3 Nd8 29. Bd2 Nc6 30. Bc3 Ka7 31. Ne3 g4 32. Nh2 Bxb4 33. Nc2 Ba6 34. Nxb4 Nxa5 35. Nxa6 Nb3 36. Nc5 Ndxc5 37. dxc5 1-0


[Site "https://www.chess.com"]

[Event "Titled Tuesday Blitz May 03 Late 2022"]
[White "Deac, Bogdan-Daniel"]
[Black "Babazada, Khazar"]
[WhiteFideId "1226380"]
[BlackFideId "13413554"]
[WhiteElo "2648"]
[BlackElo "2406"]
[Result "1-0"]
[Round "04"]
[TimeControl "180+1"]
[Date "2022.05.03"]
[WhiteClock "0:00:02"]
[BlackClock "0:00:06"]

1. d4 Nf6 2. c4 e6 3. Nf3 d5 4. g3 Bb4+ 5. Bd2 a5 6. Bg2 dxc4 7. Qc2 Bxd2+ 8. Qxd2 O-O 9. Ne5 Nbd7 10. Nxc4 Qe7 11. Nxa5 e5 12. Nxb7 exd4 13. Na5 Ne4 14. Nc6 Qe6 15. Nxd4 Qg6 16. Qf4 Bb7 17. O-O Ndf6 18. Qxc7 Rab8 19. Nc3 h5 20. Nc6 Bxc6 21. Qxc6 Nd2 22. Rfd1 Rxb2 23. Nd5 Kh8 24. Nxf6 gxf6 25. Qc3 Rc2 26. Qd3 Qxd3 27. exd3 h4 28. a4 Nb3 29. Ra3 Na5 30. d4 Rb8 31. d5 Nc4 32. Rf3 Kg7 33. d6 Rd2 34. Ra1 Na5 35. gxh4 Rxd6 36. Rf5 Nb3 37. Rb1 Nd4 38. Rxb8 Nxf5 39. Bf1 Nxh4 40. Rb4 Nf3+ 41. Kg2 Ne1+ 42. Kg3 Nc2 43. Rg4+ Kh6 44. a5 f5 45. Ra4 Rd1 46. Be2 Rd2 47. Bb5 Nd4 48. Bf1 Kg5 49. h4+ Kf6 50. a6 f4+ 51. Kg2 f3+ 52. Kg3 Rd1 53. a7 Rxf1 54. a8=Q Rg1+ 55. Kf4 Ne6+ 56. Kxf3 Rg8 57. Qxg8 1-0


[Site "https://www.chess.com"]

[Event "Titled Tuesday Blitz May 03 Late 2022"]
[White "Diaz, Fernando"]
[Black "Ferreira, Vitor Hugo Vieira"]
[WhiteFideId "3701255"]
[BlackFideId "2119765"]
[WhiteElo "1934"]
[BlackElo "2165"]
[Result "1-0"]
[Round "04"]
[TimeControl "180+1"]
[Date "2022.05.03"]
[WhiteClock "0:00:57"]
[BlackClock "0:01:56"]

1. e4 c5 2. d4 cxd4 3. c3 dxc3 4. Nxc3 Nc6 5. Bc4 e6 6. Nf3 a6 7. Bb3 Nge7 8. O-O Ng6 9. Qe2 d6 10. Be3 Be7 11. Rfd1 O-O 12. Rac1 b5 13. Nxb5 axb5 14. Rxc6 Bd7 15. Bb6 Qb8 16. Bc7 Qb7 17. Rcc1 Bc6 18. Bxd6 Bxd6 19. Rxd6 Bxe4 20. Ne1 Nf4 21. Qg4 Ng6 22. f3 Bf5 23. Qd4 e5 24. Qd2 Rac8 25. Rd1 e4 26. fxe4 Bxe4 27. Qe3 Rfe8 28. Rd7 Bc6 29. Bxf7+ Kh8 30. Qxe8+ Rxe8 31. Rxb7 Rxe1+ 32. Rxe1 Bxb7 33. Re8+ 1-0


[Site "https://www.chess.com"]

[Event "Titled Tuesday Blitz May 03 Late 2022"]
[White "Dimakiling, Oliver"]
[Black "Stevens, Christian"]
[WhiteFideId "5202248"]
[BlackFideId "2604450"]
[WhiteElo "2426"]
[BlackElo "2504"]
[Result "0-1"]
[Round "04"]
[TimeControl "180+1"]
[Date "2022.05.03"]
[WhiteClock "0:01:17"]
[BlackClock "0:01:05"]

1. c4 c5 2. Nc3 Nc6 3. g3 g6 4. h4 h5 5. Nh3 Nh6 6. Nf4 Nf5 7. Bg2 Bg7 8. d3 d6 9. a3 a6 10. Bd2 Bd7 11. Rb1 Rb8 12. b4 cxb4 13. axb4 b5 14. c5 dxc5 15. bxc5 Bd4 16. Ne4 O-O 17. e3 Bg7 18. O-O a5 19. d4 e5 20. d5 exf4 21. dxc6 Bxc6 22. exf4 b4 23. Re1 b3 24. Nd6 Nxd6 25. Bxc6 Nc4 26. Bc1 Qxd1 27. Rxd1 b2 28. Bd2 Na3 29. Bxa5 Nxb1 30. Rxb1 Rfc8 31. Be4 Rxc5 32. Bd2 Rc4 33. f3 Ra4 34. Kf2 Ra1 35. Ke2 Re8 0-1


[Site "https://www.chess.com"]

[Event "Titled Tuesday Blitz May 03 Late 2022"]
[White "Donchenko, Anatoly"]
[Black "Hnydiuk, Aleksander"]
[WhiteFideId "4106091"]
[BlackFideId "1109057"]
[WhiteElo "2339"]
[BlackElo "2374"]
[Result "0-1"]
[Round "04"]
[TimeControl "180+1"]
[Date "2022.05.03"]
[WhiteClock "0:01:01"]
[BlackClock "0:00:17"]

1. Nf3 Nf6 2. d4 g6 3. c4 Bg7 4. Nc3 O-O 5. e4 d6 6. Be2 e5 7. dxe5 dxe5 8. Qxd8 Rxd8 9. Bg5 Na6 10. Nd5 Rd6 11. Nxf6+ Bxf6 12. Bxf6 Rxf6 13. O-O-O Bg4 14. Rd5 Bxf3 15. Bxf3 Re8 16. Rhd1 Rc6 17. b3 Nc5 18. Kb2 f6 19. Bg4 Re7 20. f3 h5 21. Bh3 Kf7 22. b4 Na4+ 23. Kb3 Nb6 24. c5 Nxd5 25. exd5 Ra6 26. a4 f5 27. g3 Rf6 28. Bf1 e4 29. f4 e3 30. Be2 b6 31. Rd3 Re4 32. Kc3 bxc5 33. bxc5 Ra6 34. d6 cxd6 35. cxd6 Ke8 36. Rd5 Rc6+ 37. Kd3 Kd7 38. Ra5 Rxd6+ 39. Kc3 a6 40. Bxa6 Rxa6 41. Rxa6 e2 42. Ra7+ Kc6 43. Ra6+ Kb7 44. Rb6+ Kxb6 45. a5+ Kxa5 46. Kd2 e1=Q+ 47. Kd3 Qe3+ 48. Kc2 Rd4 49. g4 Rd2+ 50. Kc1 Qe1# 0-1


[Site "https://www.chess.com"]

[Event "Titled Tuesday Blitz May 03 Late 2022"]
[White "Ezat, Mohamed"]
[Black "Derraugh, Geordie"]
[WhiteFideId "10600906"]
[BlackFideId "2603950"]
[WhiteElo "2386"]
[BlackElo "2116"]
[Result "0-1"]
[Round "04"]
[TimeControl "180+1"]
[Date "2022.05.03"]
[WhiteClock "0:00:07"]
[BlackClock "0:00:09"]

1. d4 Nf6 2. c4 g6 3. Nc3 d5 4. Bg5 Ne4 5. cxd5 Nxg5 6. h4 e6 7. Qa4+ Bd7 8. Qb3 exd5 9. hxg5 Bc6 10. Nf3 Bg7 11. e3 O-O 12. Bb5 Qd6 13. Bxc6 bxc6 14. Rc1 Nd7 15. O-O Rab8 16. Qc2 c5 17. Rfd1 c4 18. e4 c6 19. b3 cxb3 20. axb3 Rfe8 21. e5 Qb4 22. Na4 Rec8 23. Rd3 h6 24. gxh6 Bxh6 25. Re1 Nf8 26. e6 Nxe6 27. Rxe6 fxe6 28. Nc5 e5 29. Re3 e4 30. Re2 Rc7 31. Ne5 Kh7 32. f3 Qxd4+ 33. Kf1 Qxe5 34. fxe4 Rf8+ 35. Kg1 Qd4+ 36. Kh2 Bf4+ 37. Kh3 Qg7 38. g3 Be5 39. Kg2 Kg8 40. exd5 Qf6 41. Rxe5 Qf1+ 42. Kh2 Rf2+ 43. Qxf2 Qxf2+ 44. Kh3 Qxc5 45. d6 Qxe5 46. dxc7 Qxc7 0-1


[Site "https://www.chess.com"]

[Event "Titled Tuesday Blitz May 03 Late 2022"]
[White "Fernandez Hernandez, Gerardo"]
[Black "Vujic, Mihailo"]
[WhiteFideId "2207400"]
[BlackFideId "918873"]
[WhiteElo "2199"]
[BlackElo "2256"]
[Result "1/2-1/2"]
[Round "04"]
[TimeControl "180+1"]
[Date "2022.05.03"]
[WhiteClock "0:02:02"]
[BlackClock "0:02:52"]

1. e4 e5 2. Nf3 Nc6 3. Bc4 Nf6 4. Ng5 d5 5. exd5 Nd4 6. c3 b5 7. Bf1 Nxd5 8. cxd4 Qxg5 9. Bxb5+ Kd8 10. O-O Bb7 11. Qf3 exd4 12. d3 Nf4 13. Qxb7 Nh3+ 14. Kh1 Nxf2+ 15. Kg1 Nh3+ 16. Kh1 Nf2+ 17. Kg1 Nh3+ 18. Kh1 Nf2+ 1/2-1/2


[Site "https://www.chess.com"]

[Event "Titled Tuesday Blitz May 03 Late 2022"]
[White "Fernandez Siles, Luis"]
[Black "Vovk, Orest"]
[WhiteFideId "2209420"]
[BlackFideId "14113490"]
[WhiteElo "2212"]
[BlackElo "2203"]
[Result "0-1"]
[Round "04"]
[TimeControl "180+1"]
[Date "2022.05.03"]
[WhiteClock "0:01:22"]
[BlackClock "0:02:14"]

1. d4 e5 2. dxe5 Nc6 3. Nf3 Qe7 4. Qd5 h6 5. a3 g5 6. h3 Bg7 7. Nc3 a6 8. e3 Nxe5 9. Nxe5 Bxe5 10. Bd2 Nf6 11. Qf3 d6 12. O-O-O g4 13. Qe2 gxh3 14. gxh3 Rg8 15. f4 Bxc3 16. Bxc3 Ne4 17. Be1 Ng3 18. Bxg3 Rxg3 19. e4 Bd7 20. Bg2 O-O-O 21. e5 dxe5 22. fxe5 Qg5+ 23. Rd2 Bb5 24. h4 Qxd2+ 25. Qxd2 Rxd2 0-1


[Site "https://www.chess.com"]

[Event "Titled Tuesday Blitz May 03 Late 2022"]
[White "Fiorito, Fabian"]
[Black "Tanenbaum, Zachary"]
[WhiteFideId "100200"]
[BlackFideId "2060850"]
[WhiteElo "2395"]
[BlackElo "2168"]
[Result "1-0"]
[Round "04"]
[TimeControl "180+1"]
[Date "2022.05.03"]
[WhiteClock "0:00:29"]
[BlackClock "0:00:03"]

1. e4 e5 2. Nf3 Nc6 3. Nc3 Nf6 4. d4 exd4 5. Nxd4 Bb4 6. Nxc6 bxc6 7. Bd3 d5 8. Bd2 O-O 9. O-O Bxc3 10. Bxc3 Nxe4 11. Bxe4 dxe4 12. Qe2 Qh4 13. Rad1 Re8 14. Rfe1 Bg4 15. f3 Bf5 16. Rd4 Re6 17. fxe4 Rae8 18. e5 Qg5 19. Rc4 f6 20. Rc5 fxe5 21. Rxe5 Rxe5 22. Bxe5 Bh3 23. g3 Rf8 24. Qc4+ Kh8 25. Bf4 Qg6 26. b4 h6 27. a4 Qh5 28. Qxc6 Kh7 29. Qe4+ Bf5 30. Qe2 Qg6 31. c3 Bh3 32. Qe4 Bf5 33. Qg2 Rd8 34. a5 Rd3 35. Be5 c6 36. Bd4 Be6 37. Qe4 Bf5 38. Qf4 h5 39. Re7 Rd1+ 40. Kf2 Bd3 41. Rxg7+ Qxg7 42. Bxg7 Rf1+ 43. Ke3 Rxf4 44. gxf4 Bb5 45. Be5 Kg6 46. Kd4 Kf5 47. c4 Ba4 48. Kc5 a6 49. Kb6 Bb3 50. Kxa6 Bxc4+ 51. Kb6 c5 52. bxc5 Ke6 53. c6 Bd5 54. a6 Ke7 55. a7 Ke6 56. a8=Q Kf5 57. Qa3 Ke4 58. Qh3 h4 59. Qxh4 Be6 60. f5+ Kxf5 61. Qf4+ Kg6 62. Qf6+ Kh5 63. Qxe6 Kh4 64. Bg3+ Kg5 65. h4+ Kh5 66. Qf7+ Kg4 67. Qf4+ Kh3 68. Be1 Kg2 69. h5 Kg1 70. h6 Kg2 71. h7 Kg1 72. h8=Q Kg2 73. Qhh2# 1-0


[Site "https://www.chess.com"]

[Event "Titled Tuesday Blitz May 03 Late 2022"]
[White "Gabrielian, Artur"]
[Black "Svane, Rasmus"]
[WhiteFideId "4131002"]
[BlackFideId "4657101"]
[WhiteElo "2440"]
[BlackElo "2645"]
[Result "0-1"]
[Round "04"]
[TimeControl "180+1"]
[Date "2022.05.03"]
[WhiteClock "0:00:02"]
[BlackClock "0:00:05"]

1. e4 c6 2. d4 d5 3. e5 Bf5 4. h4 h5 5. Bd3 Bxd3 6. Qxd3 Qa5+ 7. Nd2 e6 8. Nf3 Nh6 9. O-O Nf5 10. a4 Be7 11. Nb3 Qa6 12. Qd1 Nd7 13. Bg5 f6 14. exf6 gxf6 15. Bf4 Kf7 16. Re1 Rae8 17. Nc1 Nf8 18. Nd3 Ng6 19. g3 Nxf4 20. Nxf4 Bd6 21. Nxh5 Reg8 22. Nxf6 Kxf6 23. Ng5 Nxh4 24. Qg4 Rxg5 25. Qxe6+ Kg7 26. Qd7+ Kh6 27. Re6+ Rg6 28. Qxd6 Rxe6 29. Qxe6+ Ng6 30. Kg2 Rf8 31. Rh1+ Kg7 32. Rh5 Rf6 33. Qd7+ Rf7 34. Qe6 c5 35. Qxd5 cxd4 36. Qxd4+ Qf6 37. Qxf6+ Kxf6 38. c3 Rd7 39. Rb5 Ne5 40. a5 Nc6 41. Rc5 a6 42. b4 Ke7 43. g4 Kd6 44. Kg3 Re7 45. g5 Re1 46. f4 Rg1+ 47. Kf3 Ne7 48. Ke4 Re1+ 49. Kf3 Nd5 50. g6 Rf1+ 51. Kg4 Rg1+ 52. Kh5 Nxf4+ 53. Kh4 Nxg6+ 54. Kh3 Ne5 55. Kh2 Nf3+ 56. Kh3 Rg5 57. Rc4 Rg7 58. Rf4 Ne5 59. Rf6+ Kd5 60. Rb6 Rc7 61. Kh4 Nc4 62. Rg6 Nd6 63. Rg3 Ne4 64. Rd3+ Ke5 65. Rd8 Nxc3 66. Kg5 Nd5 67. Re8+ Kd4 68. Rd8 Kc4 69. Kf5 Nxb4 0-1


[Site "https://www.chess.com"]

[Event "Titled Tuesday Blitz May 03 Late 2022"]
[White "Gascon Del Nogal, Jose Rafael"]
[Black "Avalos Parra, Joao"]
[WhiteFideId "3902463"]
[BlackFideId "3402541"]
[WhiteElo "2473"]
[BlackElo "2173"]
[Result "1/2-1/2"]
[Round "04"]
[TimeControl "180+1"]
[Date "2022.05.03"]
[WhiteClock "0:00:09"]
[BlackClock "0:00:22"]

1. c4 e6 2. Nf3 Nf6 3. b3 b6 4. Bb2 Bb7 5. g3 c5 6. Bg2 Be7 7. O-O O-O 8. Nc3 d6 9. Re1 Nc6 10. e4 Nd4 11. d3 a6 12. Nxd4 cxd4 13. Ne2 e5 14. h3 b5 15. Nc1 Rc8 16. f4 Nd7 17. a4 bxc4 18. dxc4 Nc5 19. Nd3 Kh8 20. Ba3 Nxd3 21. Qxd3 Qd7 22. Kh2 Rfe8 23. Rab1 Bf6 24. f5 g6 25. Rf1 Bg5 26. h4 Be3 27. Rbe1 Rg8 28. Rxe3 dxe3 29. Qxe3 Rcd8 30. Qg5 gxf5 31. Qf6+ Rg7 32. Rxf5 Rg8 33. Bc1 Qe6 34. Bg5 h6 35. Bxh6 Qxf6 36. Rxf6 Rxg3 37. Bh3 Bxe4 38. Bg5 R3xg5 39. hxg5 Rxg5 40. Rxf7 Rh5 41. Kg3 Rg5+ 42. Kh4 Rg7 43. Rxg7 Kxg7 44. Kg5 Bc2 45. b4 Bxa4 46. c5 dxc5 47. bxc5 Bc6 48. Kf5 e4 49. Kf4 Kf7 50. Bg2 Kf6 51. Bxe4 Bxe4 52. Kxe4 Ke6 53. Kd4 Kd7 54. Kc4 Kc6 55. Kb4 a5+ 56. Kxa5 Kxc5 1/2-1/2


[Site "https://www.chess.com"]

[Event "Titled Tuesday Blitz May 03 Late 2022"]
[White "Goltsev, Dmitry"]
[Black "Melkumyan, Hrant"]
[WhiteFideId "24176710"]
[BlackFideId "13302485"]
[WhiteElo "2273"]
[BlackElo "2604"]
[Result "0-1"]
[Round "04"]
[TimeControl "180+1"]
[Date "2022.05.03"]
[WhiteClock "0:01:18"]
[BlackClock "0:01:39"]

1. e4 c6 2. Nf3 d5 3. Nc3 Bg4 4. d4 Nf6 5. e5 Nfd7 6. h3 Bxf3 7. Qxf3 e6 8. Be3 c5 9. Nb5 Nc6 10. c3 cxd4 11. cxd4 Bb4+ 12. Bd2 Bxd2+ 13. Kxd2 O-O 14. Qe3 Qb6 15. b3 a6 16. Nd6 Nxd4 17. Bd3 f6 18. f4 Qb4+ 19. Kd1 fxe5 20. fxe5 Nxe5 21. Qxe5 Qc3 22. Bxh7+ Kxh7 23. Rc1 Qd3+ 24. Ke1 Nc2+ 25. Rxc2 Qxc2 0-1


[Site "https://www.chess.com"]

[Event "Titled Tuesday Blitz May 03 Late 2022"]
[White "Golubev, Mikhail"]
[Black "Semenenko, Dmytry"]
[WhiteFideId "14100983"]
[BlackFideId "14118645"]
[WhiteElo "2374"]
[BlackElo "2113"]
[Result "1-0"]
[Round "04"]
[TimeControl "180+1"]
[Date "2022.05.03"]
[WhiteClock "0:01:49"]
[BlackClock "0:01:45"]

1. e4 Nf6 2. e5 Nd5 3. d4 d6 4. Nf3 Bg4 5. Be2 c6 6. O-O Bxf3 7. Bxf3 dxe5 8. dxe5 e6 9. Nd2 Nd7 10. Re1 Qc7 11. Nc4 N7b6 12. Nd6+ Bxd6 13. exd6 Qxd6 14. b3 O-O-O 15. c4 Nb4 16. Qxd6 Rxd6 17. Ba3 c5 18. Bxb4 cxb4 19. c5 Rd2 20. cxb6 axb6 21. Rec1+ Kb8 22. Rc4 Rhd8 23. Rxb4 Ka7 24. h3 e5 25. a4 f5 26. a5 e4 27. axb6+ Kb8 28. Rba4 Kc8 29. Ra8+ Kd7 30. Rxd8+ Kxd8 31. Rd1 1-0


[Site "https://www.chess.com"]

[Event "Titled Tuesday Blitz May 03 Late 2022"]
[White "Gombocz, Ferenc Jr."]
[Black "Prohorov, Olexandr"]
[WhiteFideId "775029"]
[BlackFideId "14105578"]
[WhiteElo "1913"]
[BlackElo "1993"]
[Result "0-1"]
[Round "04"]
[TimeControl "180+1"]
[Date "2022.05.03"]
[WhiteClock "0:00:59"]
[BlackClock "0:01:20"]

1. c4 g6 2. g3 Bg7 3. Bg2 f5 4. Nc3 Nf6 5. d3 O-O 6. e4 d6 7. Nge2 Nc6 8. O-O e5 9. h3 Be6 10. Nd5 Qd7 11. Kh2 Rae8 12. Be3 h6 13. Rb1 g5 14. exf5 Bxf5 15. b4 e4 16. Nxf6+ Bxf6 17. dxe4 Bxe4 18. Bxe4 Rxe4 19. Qd5+ Qe6 20. b5 Qxd5 21. cxd5 Nb4 22. Rfc1 Nxd5 23. g4 Nxe3 24. fxe3 Rxe3 25. Ng1 Be5+ 26. Kg2 Rg3+ 27. Kh1 Rf2 28. Rf1 Rxa2 29. Rbc1 Bd4 30. Rf3 Rgg2 0-1


[Site "https://www.chess.com"]

[Event "Titled Tuesday Blitz May 03 Late 2022"]
[White "Gomez Dieguez, David"]
[Black "Baches Garcia, Guillermo"]
[WhiteFideId "22223630"]
[BlackFideId "2209764"]
[WhiteElo "2115"]
[BlackElo "2482"]
[Result "0-1"]
[Round "04"]
[TimeControl "180+1"]
[Date "2022.05.03"]
[WhiteClock "0:00:10"]
[BlackClock "0:00:10"]

1. c4 Nf6 2. Nf3 e6 3. Nc3 d5 4. e3 c5 5. cxd5 Nxd5 6. Nxd5 exd5 7. Bb5+ Bd7 8. Bxd7+ Nxd7 9. O-O Bd6 10. d4 c4 11. b3 b5 12. a4 a6 13. axb5 axb5 14. Rxa8 Qxa8 15. bxc4 dxc4 16. Qc2 O-O 17. e4 Be7 18. Bg5 Bxg5 19. Nxg5 h6 20. Nf3 Nb6 21. Rb1 Qc6 22. d5 Qc5 23. Qb2 c3 24. Qb3 Na4 25. Ne5 Rc8 26. Rc1 Qd4 27. Nc6 Qd2 28. Qd1 Qxd1+ 29. Rxd1 Kf8 30. Rc1 Ke8 31. Kf1 Kd7 32. Ke2 Rxc6 33. dxc6+ Kxc6 34. Kd3 Kc5 35. f4 b4 36. e5 Nb6 37. f5 Kd5 38. Re1 Nd7 39. e6 fxe6 40. fxe6 Nc5+ 41. Kc2 Nxe6 42. Kb3 Nc5+ 43. Kxb4 Nd3+ 44. Kxc3 Nxe1 45. Kd2 Nxg2 46. Ke2 Nf4+ 47. Kf3 Ne6 48. Kg4 Ke5 49. Kh5 Kf6 50. Kg4 Nf8 51. h4 Ng6 52. Kh5 Nxh4 53. Kg4 Nf5 0-1


[Site "https://www.chess.com"]

[Event "Titled Tuesday Blitz May 03 Late 2022"]
[White "Gurevich, Dmitry"]
[Black "Demchenko, Anton"]
[WhiteFideId "2000407"]
[BlackFideId "4160258"]
[WhiteElo "2506"]
[BlackElo "2539"]
[Result "0-1"]
[Round "04"]
[TimeControl "180+1"]
[Date "2022.05.03"]
[WhiteClock "0:00:13"]
[BlackClock "0:00:20"]

1. d4 Nf6 2. c4 d6 3. Nc3 e5 4. Nf3 Nc6 5. d5 Ne7 6. e4 Ng6 7. Be2 Be7 8. O-O O-O 9. b4 a5 10. bxa5 Rxa5 11. Nd2 Nf4 12. Nb3 Ra8 13. a4 Nxe2+ 14. Qxe2 Ne8 15. Be3 f5 16. f3 Nf6 17. a5 Bd7 18. c5 fxe4 19. fxe4 Qe8 20. a6 Rxa6 21. Rxa6 bxa6 22. Qxa6 Ng4 23. Rxf8+ Qxf8 24. Qe2 Qb8 25. cxd6 cxd6 26. Nc1 Bd8 27. Kh1 Nxe3 28. Qxe3 Bb6 29. Qf3 Qc8 30. N1e2 Qc5 31. h3 h6 32. Kh2 Qc4 33. h4 Qc8 34. Ng3 Bg4 35. Qf1 Qxc3 0-1


[Site "https://www.chess.com"]

[Event "Titled Tuesday Blitz May 03 Late 2022"]
[White "Hambleton, Aman"]
[Black "Mandura, Tijana"]
[WhiteFideId "2606577"]
[BlackFideId "16500270"]
[WhiteElo "2552"]
[BlackElo "2169"]
[Result "0-1"]
[Round "04"]
[TimeControl "180+1"]
[Date "2022.05.03"]
[WhiteClock "0:00:01"]
[BlackClock "0:01:16"]

1. d4 d5 2. Bf4 Nf6 3. e3 c5 4. c3 Nc6 5. Nd2 Bf5 6. Qb3 Qd7 7. Ngf3 c4 8. Qd1 e6 9. a4 Rc8 10. b3 cxb3 11. Qxb3 Bd6 12. Bxd6 Qxd6 13. Be2 O-O 14. O-O Na5 15. Qb2 Rc7 16. Rfc1 Rfc8 17. Ne5 Nd7 18. Nxd7 Qxd7 19. Qb4 Nc6 20. Qb5 h6 21. h3 a6 22. Qb6 e5 23. Nb3 Qd6 24. Qc5 Qe6 25. Qa3 exd4 26. cxd4 g5 27. Bf1 g4 28. hxg4 Bxg4 29. Nc5 Qg6 30. Qb2 Bf3 31. Kh2 Qh5+ 32. Kg1 Qg4 33. Kh2 Qh4+ 34. Kg1 Qg4 35. Nd3 Be4 36. Nf4 Nxd4 37. exd4 Qxf4 38. Rxc7 Rxc7 39. Re1 Rc2 40. Qb1 Qxf2+ 0-1


[Site "https://www.chess.com"]

[Event "Titled Tuesday Blitz May 03 Late 2022"]
[White "Hamley, Ryan"]
[Black "Thybo, Jesper Sondergaard"]
[WhiteFideId "30959497"]
[BlackFideId "1438832"]
[WhiteElo "2523"]
[BlackElo "2316"]
[Result "1-0"]
[Round "04"]
[TimeControl "180+1"]
[Date "2022.05.03"]
[WhiteClock "0:01:10"]
[BlackClock "0:01:10"]

1. d4 Nf6 2. c4 b6 3. Nc3 Bb7 4. Qc2 d5 5. cxd5 Nxd5 6. e4 Nxc3 7. bxc3 e5 8. d5 Bd6 9. Ne2 O-O 10. Ng3 c6 11. c4 cxd5 12. cxd5 Na6 13. Bd2 Rc8 14. Qb3 Nc5 15. Qf3 f5 16. Nxf5 g6 17. Qg4 Qd7 18. Be2 Kh8 19. Nxd6 Qxd6 20. O-O Ne6 21. Qxe6 Qxe6 22. dxe6 Rc2 23. Bb4 Re8 24. Bd3 Rc7 25. Bd6 Rc3 26. Bxe5+ 1-0


[Site "https://www.chess.com"]

[Event "Titled Tuesday Blitz May 03 Late 2022"]
[White "Hasman, Cengiz"]
[Black "Kholin, Aleksandr"]
[WhiteFideId "413364"]
[BlackFideId "14179385"]
[WhiteElo "2020"]
[BlackElo "2456"]
[Result "0-1"]
[Round "04"]
[TimeControl "180+1"]
[Date "2022.05.03"]
[WhiteClock "0:00:02"]
[BlackClock "0:00:36"]

1. d4 d5 2. c4 e6 3. Nc3 Nf6 4. cxd5 exd5 5. Bg5 Be7 6. e3 c6 7. Bd3 Nbd7 8. Nge2 O-O 9. Qc2 Re8 10. f3 h6 11. Bh4 Nh5 12. Bf2 Bg5 13. f4 Be7 14. g4 Nhf6 15. Rg1 Ne4 16. Nxe4 dxe4 17. Bxe4 Bb4+ 18. Nc3 Nf6 19. Bf3 Qxd4 20. Kf1 Rxe3 21. Ne2 Rxe2 22. Qxe2 Qxf4 23. Be3 Qe5 24. a3 Bf8 25. Re1 Be6 26. Rg2 Nd5 27. Bxd5 Bxd5 28. Rf2 Qe4 29. Qd2 Qh1+ 30. Ke2 Bc4+ 31. Kd1 Qe4 32. Kc1 Ba2 33. Qc2 Qxc2+ 34. Kxc2 Be6 35. h3 Re8 36. Bxa7 Bb3+ 0-1


[Site "https://www.chess.com"]

[Event "Titled Tuesday Blitz May 03 Late 2022"]
[White "Herrera Reyes, Jose Antonio"]
[Black "Toncheva, Nadya"]
[WhiteFideId "2274914"]
[BlackFideId "2924056"]
[WhiteElo "2361"]
[BlackElo "1884"]
[Result "1-0"]
[Round "04"]
[TimeControl "180+1"]
[Date "2022.05.03"]
[WhiteClock "0:01:01"]
[BlackClock "0:00:14"]

1. Nf3 Nf6 2. g3 d5 3. Bg2 Bf5 4. d3 e6 5. O-O h6 6. c3 c5 7. Qb3 Qc8 8. c4 Nc6 9. cxd5 exd5 10. Nc3 Be6 11. Qa4 Be7 12. d4 c4 13. Ne5 O-O 14. Nxc6 bxc6 15. e4 Bh3 16. exd5 Bxg2 17. Kxg2 cxd5 18. Re1 Bd6 19. Qd1 Bb4 20. Re5 Bxc3 21. bxc3 Ne4 22. Qc2 Qc6 23. f3 Nd6 24. Ba3 Rfe8 25. Rae1 Nb5 26. Bc5 h5 27. Rxh5 g6 28. Rhe5 Kg7 29. a4 Nc7 30. a5 Rh8 31. Re7 Ne6 32. R1xe6 1-0


[Site "https://www.chess.com"]